 Dungeon Crawl Stone Soup version 0.19.5 (webtiles) character file.

10012 tof the Fighter (level 11, -12/90 HPs)
             Began as a Demonspawn Fighter on Mar 2, 2017.
             Was an Initiate of Ru.
             Mangled by a komodo dragon (18 damage)
             ... on level 9 of the Dungeon.
             The game lasted 00:51:38 (13865 turns).

tof the Fighter (Demonspawn Fighter)               Turns: 13865, Time: 00:51:38

Health: -12/90     AC: 20    Str: 14    XL:     11   Next: 30%
Magic:  11/11      EV:  7    Int:  9    God:    Ru [......]
Gold:   429        SH:  0    Dex: 15    Spells: 0 memorised, 10 levels left

rFire  + . .     SeeInvis .     z - +1 scythe (vamp)
rCold  . . .     Gourm    .     w - +0 chain mail
rNeg   . . .     Faith    .     (shield currently unavailable)
rPois  +         Spirit   .     (helmet restricted)
rElec  .         Reflect  .     q - +2 cloak
rCorr  .         Harm     .     (no gloves)
MR     .....                    b - +0 pair of boots
Stlth  ..........               (no amulet)
                                u - ring of protection from fire
                                h - ring of poison resistance

@: no status effects
A: hooves 1, horns 1, iridescent scales 2, camouflage 1, demonic guardian 1,
dopey 1, mutation resistance 1, powered by pain 2, weak 1
a: Renounce Religion


You were on level 9 of the Dungeon.
You worshipped Ru.
Ru was noncommittal.
You were very hungry.

You visited 3 branches of the dungeon, and saw 11 of its levels.

You collected 429 gold pieces.

Inventory:

Hand Weapons
 a - a +1 trident
 n - a +1 spear of freezing
 z - a +1 vampiric scythe (weapon)
Armour
 b - a +0 pair of boots (worn)
 c - a +0 shield
 q - a +2 cloak (worn)
 w - a +0 chain mail (worn)
Jewellery
 h - a ring of poison resistance (left hand)
 i - an uncursed ring of see invisible
 p - an uncursed ring of flight
 u - a ring of protection from fire (right hand)
Wands
 C - a wand of iceblast (12/15)
 D - a wand of iceblast (9/15)
 F - a wand of iceblast (6/15)
Scrolls
 l - a scroll of fog
 m - 3 scrolls of remove curse
 r - 5 scrolls of identify
 s - a scroll of immolation
 t - a scroll of torment {unknown}
 v - a scroll of amnesia {unknown}
 x - 2 scrolls of enchant armour {unknown}
 y - 3 scrolls of magic mapping
 B - a scroll of random uselessness {unknown}
 G - 2 scrolls of teleportation {unknown}
 L - a scroll of summoning {unknown}
Potions
 d - a potion of might
 e - a potion of heal wounds {unknown}
 g - 8 potions of curing
 j - 3 potions of agility
 A - 2 potions of invisibility
 K - a potion of ambrosia {unknown}
 M - a potion of resistance {unknown}
Books
 k - a book of Changes

   Spells                             Type                      Level
   a - Beastly Appendage              Transmutation                1
   b - Sticks to Snakes               Transmutation                2
   c - Spider Form                    Transmutation/Poison         3
   d - Ice Form                       Ice/Transmutation            4
   e - Blade Hands                    Transmutation                5
 o - a book of Minor Magic

   Spells                             Type                      Level
   a - Magic Dart                     Conjuration                  1
   b - Blink                          Translocation                2
   c - Call Imp                       Summoning                    2
   d - Repel Missiles                 Charms/Air                   2
   e - Slow                           Hexes                        2
   f - Conjure Flame                  Conjuration/Fire             3
   g - Mephitic Cloud                 Conjuration/Poison/Air       3
Comestibles
 f - 12 bread rations
 E - 2 meat rations
 H - 2 beef jerkies
 I - 7 slices of pizza
 N - a royal jelly
 O - 5 fruits


   Skills:
 * Level 10.0 Fighting
 * Level 9.0 Polearms
 * Level 9.4 Armour
 + Level 6.8 Shields


You had 10 spell levels left.
You didn't know any spells.

Dungeon Overview and Level Annotations

Branches:
Dungeon (9/15)             Temple (1/1) D:7            Lair (1/6) D:9
    Orc: D:9-12

Altars:
Cheibriados
Dithmenos
Elyvilon
Fedhas
Gozag
Kikubaaqudgha
Nemelex Xobeh
Okawaru
Qazlal
Ru
Sif Muna
Trog
Uskayaw
Vehumet
Xom
Yredelemnul
The Shining One

Shops:
D:8 (

Annotations:
D:5 Edmund


Innate Abilities, Weirdness & Mutations

You have large cloven feet.
You are mostly covered in iridescent scales. (AC +4)
A weak demonic guardian rushes to your aid.
You sometimes gain power by taking damage.
You have a pair of small horns on your head.
Your skin changes colour to match your surroundings (Stealth+).
You are dopey. (Int -2)
You are somewhat resistant to further mutation.
You are weak. (Str -2)


Message History

You hit the komodo dragon.
You feel better.
The komodo dragon is heavily wounded.
The komodo dragon barely misses you.
You hit the komodo dragon but do no damage.
The komodo dragon is heavily wounded.
You are feeling very hungry.
The komodo dragon hisses menacingly.
The komodo dragon bites you!
* * * LOW HITPOINT WARNING * * *
The komodo dragon bites you.
* * * LOW HITPOINT WARNING * * *
Your chain mail prevents you from hitting the komodo dragon.
The komodo dragon is heavily wounded.
The komodo dragon barely misses you.
Your chain mail prevents you from hitting the komodo dragon.
The komodo dragon is heavily wounded.
The komodo dragon bites you!
* * * LOW HITPOINT WARNING * * *
The komodo dragon bites you!!
You die...

...........####.#(##........#####
.###............#...........##⌠..
.# ####........##........########
.# #........##........# #### .#
#........##........#######§ .#
#........##(##'###.#...##§§ .#
#######.###[##.# #.#..(###. )#
#.###(##.###.#...#### )##########
#(..@.()(.##.##..####
.##.).....######.l##..##.##..####
....)[....'.....#.###)##.##......
....).....#####.#.###'##+##......
..........# #.#.#...)..........
..........# #.#.#..............
###)......# #.#.#........#####.
#.......# #.#.#........# ###.
######### #.#.###....### #...


You could see a komodo dragon.

Vanquished Creatures
  The ghost of Lostpass the Thaumaturge, a novice DEFE of Vehumet (D:7)
  A black mamba (D:9)
  Joseph (D:8)
  A spiny frog (Lair:1)
  2 komodo dragons
  A troll (D:9)
  4 blink frogs (Lair:1)
  Sigmund (D:4)
  3 hogs (D:7)
  A hungry ghost (D:8)
  5 humans (D:7)
  A basilisk (Lair:1)
  3 water moccasins
  Duvessa (D:5)
  3 porcupines (Lair:1)
  2 orc warriors (D:8)
  2 ice beasts
  A sky beast (D:8)
  3 necrophages (D:6)
  An ogre (D:4)
  6 crocodiles
  3 centaurs
  2 big kobolds
  9 bullfrogs
  5 scorpions
  4 killer bees (D:9)
  3 howler monkeys (D:8)
  5 crimson imps
  2 bullfrog zombies (D:5)
  2 jellies
  6 hounds
  10 orc wizards
  A centaur skeleton (D:5)
  6 orc priests
  A bullfrog skeleton (D:6)
  A gnoll shaman (D:7)
  6 iguanas
  9 worker ants
  A killer bee zombie (D:6)
  9 gnolls
  A howler monkey zombie (D:6)
  5 adders
  3 shadow imps
  An ooze (D:3)
  3 adder skeletons
  3 worms
  2 dart slugs
  2 leopard geckos
  46 orcs
  3 ball pythons
  8 bats
  4 giant cockroaches
  5 goblins
  10 hobgoblins
  12 jackals
  6 quokkas
  5 frilled lizards
  14 kobolds
  A leopard gecko zombie (D:6)
  A quokka skeleton (D:8)
  12 rats
  A bush (D:6)
277 creatures vanquished.

Vanquished Creatures (collateral kills)
  A komodo dragon (Lair:1)
  A two-headed ogre (D:9)
  A hog (D:7)
  A human (D:7)
  2 ice beasts
  An ogre (D:5)
  2 centaurs (D:6)
  Dowan (D:5)
  A crimson imp (D:6)
  An orc wizard (D:3)
  A centaur skeleton (D:5)
  2 gnolls (D:7)
  An adder (D:8)
  2 orcs
18 creatures vanquished.

Vanquished Creatures (others)
  6 plants (D:6)
6 creatures vanquished.

Grand Total: 301 creatures vanquished

Notes
Turn   | Place    | Note
-------+----------+-------------------------------------------
     0 | D:1      | tof the Demonspawn Fighter began the quest for the Orb.
     0 | D:1      | Reached XP level 1. HP: 18/18 MP: 1/1
   137 | D:1      | Gained mutation: You sometimes gain a little power by taking damage. [demonic ancestry]
   137 | D:1      | Reached XP level 2. HP: 24/24 MP: 2/2
   783 | D:2      | Gained mutation: A weak demonic guardian rushes to your aid. [demonic ancestry]
   783 | D:2      | Reached XP level 3. HP: 29/29 MP: 3/3
  1260 | D:2      | Reached XP level 4. HP: 33/35 MP: 4/4
  2370 | D:3      | Gained mutation: You have large cloven feet. [demonic ancestry]
  2370 | D:3      | Reached XP level 5. HP: 42/42 MP: 5/5
  2648 | D:3      | Reached skill level 4 in Fighting
  3135 | D:4      | Reached XP level 6. HP: 33/48 MP: 6/6
  3276 | D:4      | Noticed Sigmund
  3339 | D:4      | Killed Sigmund
  3908 | D:4      | Gained mutation: You sometimes gain power by taking damage. [demonic ancestry]
  3908 | D:4      | Reached XP level 7. HP: 44/55 MP: 7/7
  4013 | D:4      | Reached skill level 5 in Fighting
  4252 | D:5      | Entered Level 5 of the Dungeon
  4294 | D:5      | Reached skill level 5 in Armour
  4428 | D:5      | Reached skill level 5 in Polearms
  4428 | D:5      | Gained mutation: You are partially covered in iridescent scales. (AC +2) [demonic ancestry]
  4428 | D:5      | Reached XP level 8. HP: 59/63 MP: 8/8
  4549 | D:5      | Noticed Dowan
  4551 | D:5      | Noticed Duvessa
  4554 | D:5      | Killed Dowan
  4560 | D:5      | Killed Duvessa
  4641 | D:5      | Noticed Edmund
  5104 | D:6      | Reached skill level 6 in Fighting
  5487 | D:6      | Found a bloodstained altar of Trog.
  5487 | D:6      | Found a stormy altar of Qazlal.
  6283 | D:6      | Found a blossoming altar of Fedhas.
  6404 | D:6      | Reached skill level 5 in Shields
  6404 | D:6      | Reached XP level 9. HP: 71/71 MP: 9/9
  6503 | D:6      | Reached skill level 7 in Fighting
  6634 | D:7      | Found a staircase to the Ecumenical Temple.
  6730 | Temple   | Entered the Ecumenical Temple
  6817 | Temple   | Became a worshipper of Ru the Awakened
  7250 | D:7      | Noticed Lostpass's ghost (novice DEFE)
  7314 | D:7      | Killed Lostpass's ghost
  7314 | D:7      | Reached skill level 8 in Fighting
  7353 | D:7      | Reached XP level 10. HP: 46/80 MP: 10/10
  8210 | D:8      | Gained mutation: Your skin changes colour to match your surroundings (Stealth+). [mutagenic meat]
  8211 | D:8      | Gained mutation: You have a pair of small horns on your head. [mutagenic meat]
  8212 | D:8      | Gained mutation: You are weak. (Str -2) [mutagenic meat]
  8213 | D:8      | Gained mutation: You are dopey. (Int -2) [mutagenic meat]
  8214 | D:8      | Gained mutation: You are somewhat resistant to further mutation. [mutagenic meat]
  8362 | D:8      | Found Anoufesi's Antique Weapon Shop.
  8723 | D:8      | Noticed Joseph
  8736 | D:8      | Killed Joseph
  9146 | D:9      | Found a sparkling altar of Nemelex Xobeh.
  9601 | D:9      | Reached skill level 9 in Fighting
  9946 | D:9      | Found a staircase to the Lair.
  9999 | Lair:1   | Entered Level 1 of the Lair of Beasts
 10346 | Lair:1   | Noticed a black mamba
 10798 | D:9      | Killed a black mamba
 11573 | D:9      | Found a bloodstained altar of Trog.
 11832 | D:9      | Found a glowing golden altar of the Shining One.
 11834 | D:9      | Found an iron altar of Okawaru.
 12009 | Lair:1   | Gained mutation: You are mostly covered in iridescent scales. (AC +4) [demonic ancestry]
 12009 | Lair:1   | Reached XP level 11. HP: 89/89 MP: 11/11
 13709 | D:9      | Reached skill level 10 in Fighting
 13865 | D:9      | Mangled by a komodo dragon

Skill      XL: |  1  2  3  4  5  6  7  8  9 10 11 |
---------------+----------------------------------+-----
Polearms       | 2 3 4 5 6 7 8 9 |  9.0
Armour         | 3 4 5 6 7 9 |  9.4
Shields        | 3 4 5 6 |  6.8
Fighting       | 4 5 6 8 9 10 | 10.0

Action                   |  1- 3 |  4- 6 |  7- 9 | 10-12 || total
-------------------------+-------+-------+-------+-------++-------
Melee: Trident           |   113 |   252 |       |       ||   365
       Kick              |       |    23 |       |       ||    23
       Scythe            |       |    12 |   445 |   509 ||   966
       Headbutt          |       |       |       |    56 ||    56
Invok: Reject Sacrifices |       |       |       |     1 ||     1
  Use: Scroll            |       |       |    10 |       ||    10
       Potion            |       |       |     5 |       ||     5
 Stab: Distracted        |       |       |     4 |     2 ||     6
  Eat: Chunk             |     1 |     7 |     8 |    18 ||    34
       Fruit             |       |     5 |       |     1 ||     6
       Beef jerky        |       |     1 |     1 |       ||     2
       Bread ration      |       |       |     1 |     1 ||     2
       Meat ration       |       |       |       |     2 ||     2
Armor: Scale mail        |    33 |    74 |       |       ||   107
       Chain mail        |       |    14 |   284 |   496 ||   794
Dodge: Dodged            |    18 |    48 |   169 |   224 ||   459
Block: Shield            |    39 |   126 |       |       ||   165
